 Dungeon Crawl Stone Soup version 0.31-a0-986-g5e6e4ef867 (webtiles) character file.

Game seed: 15384050122022512846

218 LeprechaunX the Changeling (level 5, 0/35 HPs)
             Began as an Octopode Shapeshifter on Nov 23, 2023.
             Slain by an iguana (9 damage)
             ... on level 4 of the Dungeon.
             The game lasted 00:03:07 (2465 turns).

LeprechaunX the Changeling (Octopode Shapeshifter)  Turns: 2465, Time: 00:03:08

Health: 0/35       AC:  1    Str: 14    XL:     5   Next: 95%
Magic:  7/7        EV: 13    Int: 18    God:
Gold:   113        SH:  0    Dex: 13    Spells: 5/7 levels left

rFire   . .          .
                       - Unarmed
rCold   . . .        (no shield)
rNeg    . . .        (helmet currently unavailable)
rPois   .            (no amulet)
rElec   .            g - +6 ring of intelligence
rCorr   .            l - ring of willpower
SInv    .            (no ring)
Will    +....        (no ring)
Stlth   ++           (no ring)
HPRegen 0.25/turn    (no ring)
MPRegen 0.10/turn    (no ring)
                     (no ring)

%: no passive effects
@: beast-form
A: beast (slay +2), almost no armour, amphibious, 8 rings, camouflage 1,
gelatinous body 1, (nimble swimmer 1), tentacles
a: Begin Untransformation


You were on level 4 of the Dungeon.
You were a hulking beast.
You visited 1 branch of the dungeon, and saw 4 of its levels.

You collected 113 gold pieces.

Inventory:

Hand Weapons
 a - a +0 sling
Missiles
 j - a throwing net
Jewellery
 g - a +6 ring of intelligence (left tentacle)
 l - a ring of willpower (right tentacle)
Talismans
 b - a beast talisman
 c - a flux talisman
 n - a maw talisman
Wands
 s - a wand of acid (10)
Scrolls
 e - 2 scrolls of fear {unknown}
 i - 2 scrolls of fog {unknown}
 m - a scroll of noise {unknown}
 p - a scroll of identify {unknown}
 q - a scroll of teleportation {unknown}
Potions
 d - a potion of heal wounds {unknown}
 f - a potion of berserk rage {unknown}
 h - a potion of invisibility {unknown}
 k - 2 potions of mutation {unknown}
 o - 4 potions of curing {unknown}
 r - 4 potions of lignification


   Skills:
 + Level 2.5 Fighting
 - Level 2.0 Dodging
 + Level 3.8 Unarmed Combat
 + Level 1.5 Spellcasting
 + Level 1.5 Air Magic
 * Level 4.3 Shapeshifting


You had 5 spell levels left.
You knew the following spells:

 Your Spells              Type           Power      Damage    Failure   Level
a - Static Discharge      Conj/Air       8%         3-4/arc   22%         2

Your spell library contained the following spells:

 Spells                   Type           Power      Damage    Failure   Level
 Tukima's Dance           Hex            1%         N/A       50%         3
 Airstrike                Air            3%         2d(1-17)  69%         4
 Summon Lightning Spire   Summ/Air       4%         N/A       80%         4
 Olgreb's Toxic Radiance  Pois           1%         N/A       88%         4
 Passage of Golubria      Tloc           1%         N/A       88%         4
 Yara's Violent Unravell  Hex/Tmut       0%         3d3       99%         5
 Discord                  Hex            0%         N/A       100%        8
 Ignition                 Fire           0%         3d3       100%        8


Dungeon Overview and Level Annotations

Branches:
Dungeon (4/15)
 Temple: D:4-7

Altars:
Nemelex Xobeh
Ru


Innate Abilities, Weirdness & Mutations

You are a hulking beast.
Your limbs bulge with bestial killing power. (Slay +2)
You cannot wear most types of armour.
You are amphibious.
You can wear up to eight rings at the same time.
Your skin changes colour to match your surroundings (Stealth+).
Your rubbery body absorbs attacks. (AC +1, EV +1)
((You are camouflaged when in or above water. (Stealth+)))
You have tentacles for arms and can constrict up to eight enemies at once.


Message History

An endoplasm is nearby!
An iguana comes into view.
The iguana hisses angrily.
A quokka comes into view.
A hound comes into view.
Found a sacrificial altar of Ru.
The iguana misses you.
You closely miss the iguana.
The hound barks!
Your grab misses the iguana. You tentacle-slap the iguana.
The iguana is moderately wounded.
The iguana bites you!
You tentacle-slap the iguana. You grab the iguana.
The iguana is moderately wounded.
You constrict the iguana, but do no damage.
The quokka bites you. The iguana bites you!
You are too injured to fight recklessly!
You are too injured to fight recklessly!
You are too injured to fight recklessly!
You are too injured to fight recklessly!
You are too injured to fight recklessly!
You are too injured to fight recklessly!
You are too injured to fight recklessly!
You are too injured to fight recklessly!
You are too injured to fight recklessly!
You are too injured to fight recklessly!
You are too injured to fight recklessly!
You are too injured to fight recklessly!
You are too injured to fight recklessly!
You are too injured to fight recklessly!
You are too injured to fight recklessly!
Unknown command.
You release your grip on the iguana.
The quokka attacks as it pursues you! The quokka bites you.
* * * LOW HITPOINT WARNING * * *
You tentacle-slap the quokka. Your grab misses the quokka.
The quokka is heavily wounded.
The quokka barely misses you. The quokka closely misses you.
Unknown command.
The iguana attacks as it pursues you! The iguana bites you!
You die...

#.##..............
#.##.............. #
#.##..............
#.#.##..............
#.#.###'###......... #
#.......# #........#
#.########'######.........#
...........### #.........#
#.......h.'.# #.......(.#
..#.....Jl..#...+ .......
#........r..#####
#......h#..# #.......#..#
###...####.# #.......#..#
#...#...#..# ###'#'###..#


You could see an iguana, a hound, an endoplasm and a quokka.

Vanquished Creatures
  2 hounds (D:4)
  An iguana (D:4)
  Terence (D:3)
  4 adders
  A worm (D:3)
  3 dart slugs
  An orc (D:3)
  3 ball pythons
  6 bats
  6 endoplasms
  3 giant cockroaches
  A goblin (D:2)
  7 hobgoblins
  3 jackals (D:1)
  9 kobolds
  A quokka (D:2)
  A frilled lizard (D:3)
  7 rats
60 creatures vanquished.

Notes
Turn   | Place    | Note
-------+----------+-------------------------------------------
     0 | D:1      | LeprechaunX the Octopode Shapeshifter began the quest for
                  | the Orb.
     0 | D:1      | Reached XP level 1. HP: 13/13 MP: 1/1
   197 | D:1      | Reached XP level 2. HP: 15/18 MP: 2/2
   462 | D:1      | Reached XP level 3. HP: 6/23 MP: 3/3
   655 | D:1      | Found a faded altar of an unknown god.
   769 | D:2      | Learned a level 2 spell: Static Discharge
  1221 | D:2      | Reached XP level 4. HP: 28/29 MP: 5/5
  1655 | D:3      | Reached skill level 1 in Spellcasting
  1863 | D:3      | Found a sparkling altar of Nemelex Xobeh.
  1992 | D:3      | Noticed Terence
  1998 | D:3      | Killed Terence
  1999 | D:3      | Reached skill level 1 in Air Magic
  1999 | D:3      | Reached skill level 4 in Shapeshifting
  1999 | D:3      | Reached XP level 5. HP: 34/34 MP: 6/6
  2128 | D:4      | HP: 1/34 [iguana (15)]
  2458 | D:4      | Found a sacrificial altar of Ru.
  2465 | D:4      | Slain by an iguana

Illustrated notes

Levels and vault maps discovered:
D:1:      dpeg_arrival_three_same_balls, layout_basic,
          dreamdust_ecumenical_altar_hidden_monk_grotto,
          chequers_serial_rivers_micro_a
D:2:      layout_basic
D:3:      layout_loops_cross, mainiacjoe_overflow_alcove_4, uniq_terence
D:4:      layout_basic, hangedman_ru_absence, minmay_temple_entry_fiery

Skill      XL: |  1  2  3  4 |
---------------+-------------+-----
Fighting       | 2 |  2.5
Spellcasting   | 1 |  1.5
Air Magic      | 1 |  1.5
Shapeshifting  | 4 |  4.3
Dodging        | |  2.0
Unarmed Combat | |  3.8

Action                     |  1- 3 |  4- 6 || total
---------------------------+-------+-------++-------
  Melee: Unarmed           |    71 |    53 ||   124
         Tentacles         |     9 |    11 ||    20
         Constrict         |    16 |    16 ||    32
         Punch             |     3 |     3 ||     6
   Stab: Sleeping          |     7 |     5 ||    12
         Distracted        |       |     1 ||     1
 Armour: Skin              |    27 |    22 ||    49
  Dodge: Dodged            |    42 |    21 ||    63

Table legend: (Time is in decaauts)
 A = Elapsed time spent in this place.
 B = Non-inter-level travel time spent in this place.
 C = Inter-level travel time spent in this place.
 D = Time resting spent in this place.
 E = Time spent auto-exploring this place.
 F = Levels seen in this place.
 G = Mean time per level.
                   A        B        C        D        E       F      G
               +--------+--------+--------+--------+--------+-----+--------+
         Total |   2456 |   2279 |    177 |    201 |   1705 |   4 |  614.0 |
       Dungeon |   2456 |   2279 |    177 |    201 |   1705 |   4 |  614.0 |
               +--------+--------+--------+--------+--------+-----+--------+

Top non-repeatable levels by time:
     D:2: 724 daAuts
     D:1: 691 daAuts
     D:3: 648 daAuts
     D:4: 391 daAuts
